 Dungeon Crawl Stone Soup version 0.22-a0-93-g6b88ebb (webtiles) character file.

529 mortelune the Chiller (level 7, -1/46 HPs)
             Began as a Barachi Ice Elementalist on Jan 24, 2018.
             Was an Initiate of Cheibriados.
             Slain by a sky beast (6 damage)
             ... on level 5 of the Dungeon.
             The game lasted 00:13:49 (6561 turns).

mortelune the Chiller (Barachi Ice Elementalist)    Turns: 6561, Time: 00:13:49

Health: -1/46      AC:  3    Str: 10    XL:     7   Next: 24%
Magic:  5/14       EV: 15    Int: 19    God:    Cheibriados [......]
Gold:   209        SH:  0    Dex: 13    Spells: 2/16 levels left

rFire    . . .     SeeInvis .   p - +1 short sword
rCold    . . .     Gourm    .   (no shield)
rNeg     . . .     Faith    .   a - +0 robe
rPois    .         Spirit   .   y - +0 helmet
rElec    .         Reflect  .   (no cloak)
rCorr    .         Harm     .   (no gloves)
MR       .....                  (no boots)
Stlth    ++........             x - amulet of rage
HPRegen  0.15/turn              f - +3 ring of evasion
MPRegen  0.14/turn              (no ring)

@: can't hop, very slightly contaminated, very slow
A: +LOS, swims, slowness 1, strong legs 1
a: Hop, Bend Time, Renounce Religion, Evoke Berserk Rage


You were on level 5 of the Dungeon.
You worshipped Cheibriados.
Cheibriados was noncommittal.
You were not hungry.

You visited 1 branch of the dungeon, and saw 5 of its levels.

You collected 209 gold pieces.

Inventory:

Hand Weapons
 m - a -1 hand axe
 p - a +1 short sword (weapon)
Armour
 a - a +0 robe (worn)
 y - a +0 helmet (worn)
Jewellery
 f - a +3 ring of evasion (left hand)
 x - an amulet of rage (around neck)
Scrolls
 e - 2 scrolls of remove curse
 g - a scroll of amnesia
 n - a scroll of teleportation {unknown}
 q - a scroll of fear
 s - 4 scrolls of identify
 t - a scroll of noise
 u - a scroll of enchant weapon
 v - a scroll of fog
Potions
 d - a potion of haste {unknown}
 h - 3 potions of agility {unknown}
 i - 2 potions of flight {unknown}
 j - a potion of berserk rage {unknown}
 k - 2 potions of curing {unknown}
 l - 3 potions of brilliance {unknown}
 o - a potion of ambrosia {unknown}
 r - a potion of magic {unknown}
 w - a potion of heal wounds {unknown}
Books
 b - a book of Frost

   Spells                             Type                      Level
   a - Freeze                         Ice                          1
   b - Throw Frost                    Conjuration/Ice              2
   c - Ozocubu's Armour               Charms/Ice                   3
   d - Throw Icicle                   Conjuration/Ice              4
   e - Summon Ice Beast               Ice/Summoning                4
Comestibles
 c - 8 rations


   Skills:
 - Level 2.1 Dodging
 - Level 1.7 Stealth
 + Level 5.1 Spellcasting
 + Level 1.8 Conjurations
 * Level 3.1 Summonings
 + Level 6.7 Ice Magic


You had 2 spell levels left.
You knew the following spells:

 Your Spells              Type           Power        Failure   Level  Hunger
a - Freeze                Ice            ####         1%          1    None
b - Throw Frost           Conj/Ice       ###...       3%          2    #......
c - Summon Ice Beast      Ice/Summ       ###.....     16%         4    ####...
d - Throw Icicle          Conj/Ice       ###.....     21%         4    ####...
z - Ozocubu's Armour      Chrm/Ice       ###.....     9%          3    ##.....


Dungeon Overview and Level Annotations

Branches:
Dungeon (5/15)             Temple (0/1) D:5

Altars:
Cheibriados
Elyvilon
Hepliaklqana
Qazlal
Uskayaw

Annotations:
D:5 Ripsaw's ghost, novice DDFi


Innate Abilities, Weirdness & Mutations

Shadows flee at your approach. (+LOS)
You can swim through water.
You cover ground slowly.
You can hop short distances.


Message History

Okay, then.
As you read the scroll labeled JOFECV BAKOV, it crumbles to dust.
You assume a fearsome visage.
The sky beast looks frightened!
Ripsaw's ghost is unaffected.
It was a scroll of fear.
As you read the scroll labeled CABRUE YT DYIZ, it crumbles to dust.
It is a scroll of identify.
t - a scroll of noise Your ice beast hits the sky beast.
Your ice beast freezes the sky beast!
Your ice beast's attack snaps the sky beast out of its fear.
Ripsaw's ghost hits you.
* * * LOW HITPOINT WARNING * * *
The sky beast flickers out of sight!
Deactivating autopickup; reactivate with Ctrl-A.
As you read the scroll labeled YRRUDO VOUNUZ, it crumbles to dust.
It is a scroll of enchant weapon.
Your +0 short sword glows red for a moment.
Ripsaw's ghost closely misses you. Something hits you.
* * * LOW HITPOINT WARNING * * *
Something shocks you.
You die...

..#...#...#####...#
..#....#......#...#
..#....#......#...#
).#....#......#...#
..#....#......#...#####⌠.
..#...###...###.......'.>
###...###...#.....#####⌠
........#...'.....#
._......#...#...@.#
_8_.....#...#..W..#
._......#...#...Y(####
........+...#........#
#########.###...(....# #
###........### #.....(..#
..'.....)..# ..#........#


You could see Ripsaw's ghost and a friendly ice beast.

Vanquished Creatures
  A centaur (D:3)
  A scorpion (D:4)
  A howler monkey (D:3)
  A crimson imp (D:5)
  A centaur skeleton (D:4)
  An orc wizard (D:3)
  5 adders
  2 oozes
  A worm (D:3)
  4 dart slugs
  A leopard gecko (D:1)
  6 orcs
  3 giant cockroaches
  9 goblins
  11 hobgoblins
  7 jackals
  2 quokkas (D:4)
  A ball python (D:2)
  12 bats
  3 frilled lizards
  8 kobolds
  3 rats
84 creatures vanquished.

Vanquished Creatures (collateral kills)
  A phantom (D:4)
  A centaur (D:5)
  A bullfrog skeleton (D:4)
3 creatures vanquished.

Grand Total: 87 creatures vanquished

Notes
Turn   | Place    | Note
-------+----------+-------------------------------------------
     0 | D:1      | mortelune the Barachi Ice Elementalist began the quest for the Orb.
     0 | D:1      | Reached XP level 1. HP: 13/13 MP: 3/3
   456 | D:1      | Reached XP level 2. HP: 19/19 MP: 1/5
   465 | D:1      | Reached skill level 4 in Ice Magic
   971 | D:1      | Learned a level 2 spell: Throw Frost
  1369 | D:1      | Reached XP level 3. HP: 22/24 MP: 2/7
  2124 | D:2      | Learned a level 3 spell: Ozocubu's Armour
  2498 | D:2      | Reached XP level 4. HP: 29/30 MP: 2/9
  3017 | D:2      | Reached skill level 5 in Ice Magic
  3665 | D:3      | Reached XP level 5. HP: 35/35 MP: 4/11
  3804 | D:3      | Noticed a centaur
  3813 | D:3      | Killed a centaur
  3934 | D:3      | Reached skill level 6 in Ice Magic
  4053 | D:3      | Reached XP level 6. HP: 41/41 MP: 7/13
  4944 | D:3      | Learned a level 4 spell: Summon Ice Beast
  4949 | D:3      | Learned a level 4 spell: Throw Icicle
  5177 | D:4      | Reached skill level 1 in Summonings
  5297 | D:4      | Found a hazy altar of Hepliaklqana.
  5359 | D:4      | Noticed a phantom
  5647 | D:4      | Reached skill level 5 in Spellcasting
  5813 | D:4      | Killed a phantom
  5813 | D:4      | Reached XP level 7. HP: 17/46 MP: 8/14
  6336 | D:5      | Entered Level 5 of the Dungeon
  6365 | D:5      | Found a white marble altar of Elyvilon.
  6366 | D:5      | Found a stormy altar of Qazlal.
  6366 | D:5      | Found a snail-covered altar of Cheibriados.
  6368 | D:5      | Found a hide-covered altar of Uskayaw.
  6382 | D:5      | Became a worshipper of Cheibriados the Contemplative
  6544 | D:5      | Found a staircase to the Ecumenical Temple.
  6554 | D:5      | Noticed Ripsaw's ghost (novice DDFi)
  6561 | D:5      | Slain by a sky beast

Vault maps used:
D:1:      lemuel_arrival_tunnels
D:2:      first_ration
D:3:      grunt_decor_mini_mirrors
D:4:      lemuel_crystal_altar
D:5:      chequers_temple_overflow_statue_of_worship, temple_doors_e

Skill      XL: |  1  2  3  4  5  6  7 |
---------------+----------------------+-----
Ice Magic      | 4 5 6 |  6.7
Spellcasting   | 3 4 5 |  5.1
Summonings     | 2 3 |  3.1
Dodging        | |  2.1
Stealth        | |  1.7
Conjurations   | |  1.8

Action                   |  1- 3 |  4- 6 |  7- 9 || total
-------------------------+-------+-------+-------++-------
Melee: Unarmed           |     9 |       |       ||     9
       Short sword       |       |    24 |       ||    24
 Cast: Freeze            |    32 |    44 |     4 ||    80
       Throw Frost       |    20 |    48 |     2 ||    70
       Ozocubu's Armour  |       |     4 |       ||     4
       Summon Ice Beast  |       |     3 |     1 ||     4
Invok: Bend Time         |       |       |     1 ||     1
 Abil: Hop               |       |     1 |     1 ||     2
  Use: Scroll            |     1 |     1 |     4 ||     6
  Eat: Chunk             |     6 |    12 |     1 ||    19
       Ration            |       |       |     1 ||     1
Armor: Robe              |     8 |    17 |       ||    25
Dodge: Dodged            |    40 |    60 |     5 ||   105

Table legend:
 A = Spawn XP
 B = Non-spawn XP
 C = Spawn XP percentage of total XP
 D = Spawn monster count
 E = Non-spawn monster count
 F = Spawn count percentage of total count
 G = Total turns spent on level
                    A         B        C        D         E        F      G
               +---------+---------+-------+---------+---------+-------+---------
         Total |       0 |     757 |   0.0 |       0 |      87 |   0.0 |  6561
               +---------+---------+-------+---------+---------+-------+---------
           D:1 |       0 |      52 |   0.0 |       0 |      26 |   0.0 |  2014
           D:2 |       0 |      58 |   0.0 |       0 |      15 |   0.0 |  1457
           D:3 |       0 |     282 |   0.0 |       0 |      31 |   0.0 |  1481
           D:4 |       0 |     244 |   0.0 |       0 |      11 |   0.0 |  1384
           D:5 |       0 |     121 |   0.0 |       0 |       4 |   0.0 |   225
               +---------+---------+-------+---------+---------+-------+---------
